 Dungeon Crawl Stone Soup version 0.17-a0-1805-g6093636 (webtiles) character file.

16 wvc the Ruffian (level 2, -1/25 HPs)
             Began as a Naga Transmuter on Sept 12, 2015.
             Slain by a worm (8 damage)
             ... on level 2 of the Dungeon.
             The game lasted 00:02:04 (1251 turns).

wvc the Ruffian (Naga Transmuter)                   Turns: 1251, Time: 00:02:05

Health: -1/25      AC:  1    Str: 12    XL:     2   Next: 54%
Magic:  4/5        EV: 10    Int: 13    God:
Gold:   86         SH:  0    Dex: 11    Spells: 1 memorised, 4 levels left

rFire  . . .     SeeInvis +       - Unarmed
rCold  . . .     Clarity  .     b - +0 robe
rNeg   . . .     SustAt   .     (no shield)
rPois  +         Gourm    .     (no helmet)
rElec  .         Spirit   .     (no cloak)
rCorr  .         Warding  .     (no gloves)
rMut   .         Stasis   .     (no barding)
MR     .....                    (no amulet)
Stlth  +.........               (no ring)
                                (no ring)

@: appendage, very slow, not resistant to hostile enchantments, very unstealthy
A: horns 2, see invisible, deformed body, poison resistance, slowness 2, slow
metabolism 1, spit poison 2, AC +0
a: Spit Poison, End Transformation


You were on level 2 of the Dungeon.
You were not hungry.
You had grown temporary horns.
You visited 1 branch of the dungeon, and saw 2 of its levels.

You collected 86 gold pieces.

Inventory:

Hand weapons
 k - a +2 dagger of venom
Missiles
 a - 12 arrows
 h - 11 arrows of flame
Armour
 b - a +0 robe (worn)
Scrolls
 e - a scroll of amnesia {unknown}
 l - a scroll of teleportation {unknown}
Potions
 f - 3 potions of agility {unknown}
 i - a potion of beneficial mutation {unknown}
 j - 2 potions of mutation {unknown}
 m - a potion of ambrosia {unknown}
Books
 c - a book of Changes

   Spells                             Type                      Level
   a - Beastly Appendage              Transmutation                1
   b - Sticks to Snakes               Transmutation                2
   c - Spider Form                    Transmutation/Poison         3
   d - Ice Form                       Ice/Transmutation            4
   e - Blade Hands                    Transmutation                5
Comestibles
 d - 2 bread rations
 g - 6 fruits
 n - 2 chunks of flesh
 o - a meat ration


   Skills:
 - Level 1.0 Fighting
 - Level 1.5 Dodging
 - Level 3.0 Unarmed Combat
 + Level 2.3 Spellcasting
 * Level 2.6 Transmutations


You had 4 spell levels left.
You knew the following spells:

 Your Spells              Type           Power        Failure   Level  Hunger
a - Beastly Appendage     Trmt           #.....       10%         1    #......


Dungeon Overview and Level Annotations

Branches:
Dungeon (2/15)

Altars:


Innate Abilities, Weirdness & Mutations

You cannot wear boots.
Your serpentine skin is tough (AC +0).
You have supernaturally acute eyesight.
Armour fits poorly on your strangely shaped body.
Your system is resistant to poisons.
You cover ground very slowly.
You have a slow metabolism.
You can spit poison.
You have a pair of horns on your head.


Message History

Aim: a worm (moderately wounded)
The splash of poison hits the worm.
The worm is poisoned.
The worm is heavily wounded.
You feel slightly more hungry.
Casting: Beastly Appendage
Confirm with . or Enter, or press ? or * to list all spells.
You grow a pair of large bovine horns.
The rat closely misses you.
You barely miss the worm.
The worm is heavily wounded.
The rat bites you. The worm bites you.
You hit the worm.
The worm is heavily wounded.
You have got your breath back.
The rat bites you.
You barely miss the worm.
The worm is severely wounded.
The rat bites you.
* * * LOW HITPOINT WARNING * * *
The worm bites you!
You die...

..#.#
#######.#.#####
.......<.......
###.##.####$#
#...#.......#
#.#....###..#
#.?.........#
#....wr.##.###
#.....@......#
#.......##.#.#
#..........#
#.......##$..
#........# #.#
########## .


You could see a worm and a rat.

Vanquished Creatures
  A worm (D:2)
  6 bats (D:1)
  A giant cockroach (D:1)
  A hobgoblin (D:1)
  A kobold (D:1)
  2 giant geckos (D:1)
  A goblin (D:1)
13 creatures vanquished.

Notes
Turn   | Place    | Note
--------------------------------------------------------------
     0 | D:1      | wvc the Naga Transmuter began the quest for the Orb.
     0 | D:1      | Reached XP level 1. HP: 18/18 MP: 3/3
   615 | D:1      | Reached XP level 2. HP: 15/25 MP: 3/5
  1215 | D:1      | You fall through a shaft!
  1251 | D:2      | Slain by a worm

Vault maps used:
D:1:      dpeg_arrival_round_c

Action                   || total
-------------------------++-------
Melee: Unarmed           ||    41
 Cast: Beastly Appendage ||    13
 Abil: Spit Poison       ||     5
  Eat: Chunk             ||     1
